 Dungeon Crawl Stone Soup version 0.30-b1-2-g02819fbbbe (webtiles) character file.

Game seed: 12386919566458137901

232 nightchill the Shooter (level 6, -3/49 HPs)
             Began as a Barachi Hunter on Sept 16, 2023.
             Slain by a scorpion (6 damage)
             ... on level 3 of the Dungeon.
             The game lasted 00:09:44 (2619 turns).

nightchill the Shooter (Barachi Hunter)             Turns: 2619, Time: 00:09:45

Health: -3/49      AC:  8    Str: 12    XL:     6   Next: 4%
Magic:  6/6        EV:  6    Int:  9    God:
Gold:   160        SH:  0    Dex: 18    Spells: 5/5 levels left

rFire   . . .        a - +0 shortbow
rCold   + . .        (shield currently unavailable)
rNeg    . . .        t - +0 chain mail
rPois   .            (no helmet)
rElec   .            (no cloak)
rCorr   .            (no gloves)
SInv    .            (no boots)
Will    .....        (no amulet) Stlth
                     s - ring of protection from cold
HPRegen 0.28/turn    (no ring)
MPRegen 0.10/turn

%: no passive effects
@: lethally poisoned (-3 -> -10), unable to hop, slow
A: amphibious, slowness 1, strong legs 1, +LOS
a: Hop


You were on level 3 of the Dungeon.
You visited 1 branch of the dungeon, and saw 4 of its levels.

You collected 160 gold pieces.

Inventory:

Hand Weapons
 a - a +0 shortbow (weapon)
 g - a +0 dagger of speed
Missiles
 e - 3 curare-tipped darts
Armour
 c - a +0 leather armour
 d - a +0 ring mail
 t - a +0 chain mail (worn)
Jewellery
 s - a ring of protection from cold (left hand)
Scrolls
 b - a scroll of immolation
 f - a scroll of teleportation {unknown}
 i - a scroll of fear {unknown}
 j - a scroll of vulnerability {unknown}
 k - a scroll of fog {unknown}
 m - a scroll of poison {unknown}
 o - 2 scrolls of identify {unknown}
 u - a scroll of magic mapping {unknown}
Potions
 h - a potion of magic {unknown}
 l - 2 potions of mutation {unknown}
 n - a potion of haste {unknown}
 p - 2 potions of flight {unknown}
 q - a potion of curing {unknown}
 r - 3 potions of degeneration {unknown}


   Skills:
 + Level 4.6 Fighting
 * Level 6.2 Ranged Weapons
 - Level 2.1 Dodging
 - Level 0.8 Stealth


You had 5 spell levels left.
You didn't know any spells.
Your spell library contained the following spells:

 Spells                   Type           Power      Damage    Failure   Level
 Kiss of Death            Conj/Necr      0%         2d5       100%        1
 Necrotise                Necr           0%         1d4       100%        1
 Sandblast                Erth           0%         2d4       100%        1
 Passwall                 Tmut/Erth      0%         N/A       100%        2
 Confusing Touch          Hex            0%         N/A       100%        3
 Stone Arrow              Conj/Erth      0%         3d7       100%        3
 Vhi's Electric Charge    Tloc/Air       0%         N/A       100%        3
 Dispel Undead            Necr           0%         3d6       100%        4
 Arcjolt                  Conj/Air       0%         1d10      100%        5
 Maxwell's Capacitive Co  Air            0%         ∞         100%        8


Dungeon Overview and Level Annotations

Branches:
Dungeon (4/15)
 Temple: D:4-7

Altars:


Innate Abilities, Weirdness & Mutations

You are amphibious.
You cover ground slowly.
You can hop short distances.
You have an extended range of vision and can be seen from far away.


Message History

The scorpion poisons you!
The scorpion stings you but does no damage.
Hop to where?
Press: ? - help, Dir - move target, p - scorpion Boing!
You feel sick.
You are too injured to fight recklessly!
You feel sick.
You feel sick.
You feel sick.
You feel sick.
You feel sick.
You are no longer poisoned.
The scorpion stings you.
* * * LOW HITPOINT WARNING * * *
The scorpion barely misses you.
The scorpion stings you but does no damage.
The scorpion stings you but does no damage.
You shoot an arrow. The arrow barely misses the scorpion.
The scorpion barely misses you. x2
You shoot an arrow.
The arrow hits the scorpion but does no damage.
The scorpion is moderately wounded.
The scorpion stings you.
* * * LOW HITPOINT WARNING * * *
The scorpion stings you but does no damage.
You shoot an arrow.
The arrow hits the scorpion but does no damage.
The scorpion is moderately wounded.
The scorpion stings you.
* * * LOW HITPOINT WARNING * * *
You are lethally poisoned!
The scorpion poisons you!
The scorpion stings you but does no damage.
You shoot an arrow. The arrow closely misses the scorpion.
* * * LOW HITPOINT WARNING * * *
You feel very sick. The scorpion stings you.
* * * LOW HITPOINT WARNING * * *
The scorpion stings you.
You die...

......>..........................
......................###########
......#####..########.#
....#........########.#
#.#...###.#.........#.# ########
#.##.####.#.#######.#.# #.......
#.##........#.........# #.#####.
#.#######.#.#....s..<## #.# ##.
#...# #.#.#...@....# #.# #..
###.# #.#..........#####.# ##. #
#.# #.#.#..............# #. # #.#
#.#.#(..<....####### #. # #.#
#.#.#........# #.
###.#####.#..........# #.
..........#.######...###########.
###.#######.######........>......
#...............)..############


You could see a scorpion.

Vanquished Creatures
  A jelly (D:4)
  An iguana (D:4)
  Robin (D:4)
  8 adders
  2 worms
  A dart slug (D:1)
  An orc (D:3)
  7 endoplasms
  4 giant cockroaches
  18 goblins
  9 hobgoblins
  2 jackals (D:2)
  A quokka (D:3)
  9 ball pythons
  5 bats (D:1)
  6 kobolds
  8 rats
84 creatures vanquished.

Vanquished Creatures (others)
  A fungus (D:1)
1 creature vanquished.

Grand Total: 85 creatures vanquished

Notes
Turn   | Place    | Note
-------+----------+-------------------------------------------
     0 | D:1      | nightchill the Barachi Hunter began the quest for the Orb.
     0 | D:1      | Reached XP level 1. HP: 17/17 MP: 1/1
    56 | D:1      | Reached XP level 2. HP: 23/23 MP: 2/2
    61 | D:1      | Found a faded altar of an unknown god.
    79 | D:1      | Got Plato's Exposition on Despair
   382 | D:1      | Reached XP level 3. HP: 29/29 MP: 3/3
   810 | D:2      | Reached skill level 5 in Ranged Weapons
   944 | D:2      | Reached XP level 4. HP: 35/35 MP: 4/4
  1669 | D:3      | Reached XP level 5. HP: 42/42 MP: 5/5
  2208 | D:4      | Noticed Robin
  2222 | D:4      | Killed Robin
  2384 | D:4      | Reached skill level 6 in Ranged Weapons
  2434 | D:4      | Reached XP level 6. HP: 16/49 MP: 6/6
  2619 | D:3      | Slain by a scorpion

Illustrated notes

Levels and vault maps discovered:
D:1:      erik_arrival_blinker_ship, layout_loops_cross,
          shapermc_ecumenical_altar_rom_forum, skrybe_limestone_x,
          serial_park_tiny_pond, grunt_decor_junction
D:2:      layout_loops_ring
D:3:      layout_loops_ring, minmay_statues_item, kennysheep_big_empty_room,
          kennysheep_nub
D:4:      layout_loops_ring, minmay_misc_feat_hallway, uniq_robin

Skill      XL: |  1  2  3  4  5 |
---------------+----------------+-----
Fighting       | 3 4 |  4.6
Ranged Weapons | 5 6 |  6.2
Dodging        | |  2.1
Stealth        | |  0.8

Action                     |  1- 3 |  4- 6 || total
---------------------------+-------+-------++-------
   Fire: Shortbow          |    78 |   127 ||   205
Ability: Hop               |     2 |     7 ||     9
 Armour: Ring mail         |    12 |    11 ||    23
         Chain mail        |       |    34 ||    34
  Dodge: Dodged            |    23 |    39 ||    62
